 Dungeon Crawl Stone Soup version 0.31-a0-193-gdfe2569204 (webtiles) character file.

Game seed: 5753306696122566592

35 qw the Shooter (level 3, 0/20 HPs)
             Began as a Deep Elf Hunter on June 23, 2023.
             Was an Initiate of Okawaru.
             Constricted to death by a ball python (1 damage)
             ... on level 2 of the Dungeon.
             The game lasted 00:00:17 (1372 turns).

qw the Shooter (Deep Elf Hunter)                    Turns: 1372, Time: 00:00:17

Health: 0/20       AC:  5    Str: 10    XL:     3   Next: 16%
Magic:  5/5        EV:  8    Int: 13    God:    Okawaru [......]
Gold:   99         SH:  0    Dex: 18    Spells: 2/2 levels left

rFire   . . .        Y - +1 shortbow
rCold   . . .        (shield currently unavailable)
rNeg    . . .        a - +0 ring mail
rPois   .            (no helmet)
rElec   .            (no cloak)
rCorr   .            (no gloves)
SInv    .            (no boots)
Will    .....        (no amulet)
Stlth   +            (no ring)
HPRegen 0.23/turn    (no ring)
MPRegen 0.09/turn

%: no passive effects
@: lethally poisoned (0 -> -13), constricted
A: no striking features
a: Renounce Religion


You were on level 2 of the Dungeon.
You worshipped Okawaru.
Okawaru was noncommittal.
You visited 1 branch of the dungeon, and saw 2 of its levels.

You collected 99 gold pieces.


   Skills:
 - Level 1.5 Fighting
 + Level 6.7 Ranged Weapons
 - Level 2.4 Dodging
 - Level 1.2 Stealth


You had 2 spell levels left.
You didn't know any spells.
Your spell library was empty.

Inventory:

Hand Weapons
 Y - a +1 shortbow (weapon)
Armour
 a - a +0 ring mail (worn)
Scrolls
 e - 2 scrolls of identify
Potions
 b - 2 potions of lignification {unknown}
 f - a potion of haste
 g - a potion of degeneration {unknown}
 h - a potion of brilliance {unknown}

Dungeon Overview and Level Annotations

Branches:
Dungeon (2/15)

Altars:
Okawaru

Annotations:
D:2 Jessica


Message History

An adder comes into view. x2
A gnoll comes into view. It is wielding a +0 spear.
You struggle against the net.
The gnoll shouts!
The adder hisses angrily.
The ball python hisses angrily.
A ball python comes into view.
You rip the net and break free!
The gnoll shouts!
A hobgoblin comes into view.
You shoot an arrow. The arrow hits the goblin!
You kill the goblin!
Okawaru accepts your kill.
Jessica the Apprentice Sorceress comes into view.
She is wielding a +0 club.
The gnoll closely misses you.
You shoot an arrow.
Jessica shouts!
The arrow hits the adder.
The adder is moderately wounded.
The adder closely misses you.
A gnoll comes into view. It is wielding a +0 spear.
The gnoll hits you from afar with a +0 spear!
Jessica gestures wildly while chanting.
Jessica seems to speed up.
The adder closely misses you.
You shoot an arrow. The arrow hits the adder.
The adder is heavily wounded.
The gnoll barely misses you. The adder misses you. x2
You shoot an arrow. The arrow hits the adder.
The adder is severely wounded.
The ball python bites you. The ball python closely misses you.
The adder bites you.
You are poisoned.
The adder poisons you! The ball python closely misses you.
The ball python grabs you. The ball python constricts you.
The gnoll hits you from afar with a +0 spear. x2
The adder bites you.
You are more poisoned.
The adder poisons you!
The ball python bites you but does no damage.
The adder bites you. The ball python closely misses you.
The ball python constricts you.
You die...

.. .### g.
...##@## #....g##
#.....# #..ggg#
#..S..#
..#..S@.########
...'..SS.##.....#
...####.........#
. ####......##
#.......#
#######.#######
#........
####..... #...).


You could see 4 gnolls, 2 adders, Jessica (fast), a hobgoblin and 2 ball
pythons.

Vanquished Creatures
  An adder (D:2)
  A dart slug (D:1)
  3 bats
  An endoplasm (D:2)
  5 goblins
  2 hobgoblins (D:1)
  A kobold (D:1)
  3 ball pythons
  6 frilled lizards (D:1)
23 creatures vanquished.

Notes
Turn   | Place    | Note
-------+----------+-------------------------------------------
     0 | D:1      | qw the Deep Elf Hunter began the quest for the Orb.
     0 | D:1      | Reached XP level 1. HP: 12/12 MP: 3/3
     0 | D:1      | 0 ||| qw: Version: 0.3-a-9-g12657ce
     0 | D:1      | 0 ||| qw: Game counter: 4626
     0 | D:1      | 0 ||| qw: Always use a shield: true
     0 | D:1      | 0 ||| qw: God list: Okawaru
     0 | D:1      | 0 ||| qw: Allow faded altars: false
     0 | D:1      | 0 ||| qw: Do Orc after D:15 true
     0 | D:1      | 0 ||| qw: Do second Lair branch before Depths: true
     0 | D:1      | 0 ||| qw: Lair rune preference: random
     0 | D:1      | 0 ||| qw: Plans: Normal
     0 | D:1      | 0 ||| PLANNING D:1-11
   429 | D:1      | Reached XP level 2. HP: 16/16 MP: 4/4
   432 | D:1      | Reached skill level 6 in Ranged Weapons
  1139 | D:1      | 1139 ||| READING scroll labelled BOLOUKALOI.
  1140 | D:1      | 1140 ||| READING 3 scrolls labelled QYXZUS XUEQUO.
  1141 | D:1      | 1141 ||| READING 3 scrolls labelled MAEJUPL RUGETI.
  1142 | D:1      | 1142 ||| READING scroll labelled BEUKUC DUKILE.
  1147 | D:1      | 1147 ||| READING 2 scrolls of identify.
  1147 | D:1      | 1147 ||| IDENTIFYING sedimented dark potion
  1148 | D:1      | 1148 ||| DROPPING scroll of butterflies.
  1149 | D:1      | 1149 ||| DROPPING 2 scrolls of fear.
  1209 | D:2      | Reached XP level 3. HP: 20/20 MP: 5/5
  1241 | D:2      | Found an iron altar of Okawaru.
  1242 | D:2      | 1242 ||| PLANNING OKAWARU WORSHIP
  1242 | D:2      | 1242 ||| UPGRADING to +0 ring mail.
  1252 | D:2      | 1252 ||| DROPPING +0 leather armour.
  1253 | D:2      | 1253 ||| READING scroll labelled COIWNI HEDUDU.
  1262 | D:2      | Became a worshipper of Warmaster Okawaru
  1263 | D:2      | 1263 ||| PLANNING D:1-11
  1369 | D:2      | Noticed Jessica
  1372 | D:2      | HP: 5/20 [gnoll/+0 spear (6)]
  1372 | D:2      | HP: 2/20 [adder (1)]
  1372 | D:2      | Constricted to death by a ball python

Levels and vault maps discovered:
D:1:      minmay_arrival_four_loops, layout_basic, minmay_lizard_pond
D:2:      layout_basic, basic_altar, uniq_crazy_yiuf_cottage, uniq_jessica

Skill      XL: |  1  2 |
---------------+-------+-----
Ranged Weapons | 6 |  6.7
Fighting       | |  1.5
Dodging        | |  2.4
Stealth        | |  1.2

Action                     || total
---------------------------++-------
   Fire: Shortbow          ||    46
    Use: Scroll            ||     6
 Armour: Leather armour    ||     1
         Ring mail         ||     1
  Dodge: Dodged            ||    17

Table legend:
 A = Non-vault XP
 B = Vault XP
 C = Vault XP percentage of total XP
 D = Non-vault monster count
 E = Vault monster count
 F = Vault count percentage of total count
                 A         B        C        D         E       F
            +---------+---------+-------+---------+---------+-------
      Total |      45 |       5 |  10.0 |      18 |       5 |  21.7
            +---------+---------+-------+---------+---------+-------
        D:1 |      19 |       5 |  20.8 |      10 |       5 |  33.3
        D:2 |      26 |       0 |   0.0 |       8 |       0 |   0.0
            +---------+---------+-------+---------+---------+-------
